 Dungeon Crawl Stone Soup version 0.29-a0-284-gf9362112df (webtiles) character file.

Game seed: 11427261587228822086

10416 Krypt the Cleaver (level 11, -2/126 HPs)
             Began as a Formicid Fighter on Mar 29, 2022.
             Was a High Priest of Cheibriados.
             Slain by a 12-headed hydra (7 damage)
             ... on level 11 of the Dungeon.
             The game lasted 00:38:29 (12642 turns).

Krypt the Cleaver (Formicid Fighter)               Turns: 12642, Time: 00:38:29

Health: -2/126     AC: 25    Str: 34    XL:     11   Next: 92%
Magic:  10/11      EV:  2    Int: 22    God:    Cheibriados [*****.]
Gold:   244        SH: 10    Dex: 24    Spells: 10/10 levels left

rFire   + . .      SeeInvis .   a - +2 war axe (vorpal)
rCold   x . .      Faith    .   d - +2 buckler of Hoex {Str-5 Slay+5}
rNeg    . . .      Spirit   .   (body armour currently unavailable)
rPois   +          Reflect  .   (helmet unavailable)
rElec   .          Harm     .   (cloak currently unavailable)
rCorr   .          Rampage  .   (gloves currently unavailable)
Will    +....                   (boots currently unavailable)
Stlth   +++.......              r - amulet of magic regeneration
HPRegen 0.31/turn               f - +4 ring of evasion
MPRegen 0.52/turn               k - ring of fire

@: tree-form, very slow
A: stationary, stasis, torment immunity, boosted hp, permanent stasis, dig
shafts and tunnels, (antennae 3), four strong arms, (fangs 1), (iridescent
scales 1), (large bone plates 1)
a: Renounce Religion, Bend Time, Temporal Distortion, Slouch, Step From Time


You were on level 11 of the Dungeon.
You worshipped Cheibriados.
Cheibriados was extremely pleased with you.
You were a tree.
You visited 1 branch of the dungeon, and saw 11 of its levels.

You collected 740 gold pieces.
You spent 496 gold pieces at shops.

Inventory:

Hand Weapons
 a - a +2 vorpal war axe (weapon)
 b - the +9 heavy crossbow "Sniper" {vorpal, Acc+∞ SInv}
   (You found it on level 7 of the Dungeon)

   Any ammunition fired from it inflicts extra damage upon your enemies.
   Any ammunition fired from it never misses its target.
   SInv:      It lets you see invisible.
 v - a +3 falchion
 N - the +1 dagger of Wisdom {flame, rPois rCorr Str+4 SInv}
   (You found it on level 9 of the Dungeon)

   It burns those it strikes, dealing additional fire damage.
   Str:       It affects your strength (+4).
   rPois:     It protects you from poison.
   SInv:      It lets you see invisible.
   rCorr:     It protects you from acid and corrosion.
Missiles
 m - 22 boomerangs
 D - 3 throwing nets
 I - a silver boomerang
Armour
 d - the +2 buckler of Hoex (worn) {Str-5 Slay+5}
   (You found it on level 6 of the Dungeon)

   Str:       It affects your strength (-5).
   Slay:      It affects your accuracy & damage with ranged weapons and melee
   (+5).
 h - a +0 pair of boots (melded)
 y - a +1 plate armour (melded)
 F - a +0 cloak (melded)
 J - a +2 kite shield of protection
Jewellery
 f - a +4 ring of evasion (left branch)
 k - a ring of fire (right branch)
 r - an amulet of magic regeneration (around neck)
Wands
 l - a wand of acid (6)
 n - a wand of paralysis (12)
 t - a wand of mindburst (16)
 u - a wand of digging (9)
 B - a wand of flame (28)
 C - a wand of iceblast (2)
 G - a wand of polymorph (4) (quivered)
Scrolls
 e - 5 scrolls of fear
 o - 3 scrolls of vulnerability
 w - a scroll of magic mapping
 z - a scroll of immolation
 A - a scroll of fog
 H - a scroll of identify
Potions
 c - a potion of flight {unknown}
 g - a potion of haste {unknown}
 i - 5 potions of brilliance
 j - 3 potions of mutation
 p - a potion of attraction {unknown}
 q - 2 potions of curing
 x - a potion of lignification
 E - a potion of ambrosia {unknown}
 K - a potion of invisibility {unknown}
 M - a potion of degeneration


   Skills:
 + Level 7.5 Fighting
 + Level 12.3 Axes
 + Level 0.7 Throwing
 + Level 8.9 Armour
 + Level 1.6 Dodging
 + Level 1.9 Stealth
 + Level 10.8 Shields
 + Level 0.6 Invocations


You had 10 spell levels left.
You didn't know any spells.
Your spell library contained the following spells:

 Spells                   Type           Power      Damage    Failure   Level
 Animate Skeleton         Necr           0%         N/A       19%         1
 Apportation              Tloc           0%         N/A       19%         1
 Beastly Appendage        Tmut           0%         N/A       19%         1
 Shock                    Conj/Air       0%         1d3       19%         1
 Sting                    Tmut/Pois      0%         1d3       19%         1
 Summon Small Mammal      Summ           0%         N/A       19%         1
 Poisonous Vapours        Pois/Air       0%         N/A       28%         2
 Wereblood                Tmut           0%         N/A       28%         2
 Gell's Gravitas          Tloc           0%         N/A       50%         3
 Lesser Beckoning         Tloc           0%         N/A       50%         3
 Spider Form              Tmut/Pois      0%         N/A       50%         3
 Stone Arrow              Conj/Erth      0%         3d7       50%         3
 Teleport Other           Tloc           0%         N/A       50%         3
 Tukima's Dance           Hex            0%         N/A       50%         3
 Airstrike                Air            0%         N/A       88%         4
 Animate Armour           Summ/Erth      0%         N/A       88%         4
 Olgreb's Toxic Radiance  Pois           0%         N/A       88%         4
 Passage of Golubria      Tloc           0%         N/A       88%         4
 Yara's Violent Unravell  Hex/Tmut       0%         3d3       99%         5
 Lehudib's Crystal Spear  Conj/Erth      0%         10d2      100%        8
 Swiftness                Air            Unusable   N/A       N/A         3

Dungeon Overview and Level Annotations

Branches:
Dungeon (11/15)            Temple (0/1) D:4            Lair (0/6) D:10
    Orc: D:9-12

Altars:
Ashenzari
Cheibriados
Dithmenos
Elyvilon
Fedhas
Makhleb
Vehumet
Zin

Shops:
D:3 (   D:9 :(*[(

Annotations:
D:8 exclusions: obsidian statue and orange crystal statue


Innate Abilities, Weirdness & Mutations

You are a tree.
Your roots penetrate the ground, keeping you stationary.
You cannot be teleported.
You are immune to unholy pain and torment.
Your maximum health is greatly increased.
Your equipment is partially melded.
You cannot be hasted, slowed, berserked, paralysed or teleported.
You can dig through walls and to a lower floor.
((You have a pair of large antennae on your head. (SInv)))
Your four strong arms can wield two-handed weapons with a shield.
((You have very sharp teeth.))
((You are partially covered in iridescent scales. (AC +2)))
((You are partially covered in large bone plates. (SH +4)))


Message History

The 11-headed hydra is severely wounded.
You block the 11-headed hydra's attack.
The 11-headed hydra bites you but does no damage.
You block the 11-headed hydra's attack. x2
The 11-headed hydra bites you but does no damage. x3
The 11-headed hydra bites you!
* * * LOW HITPOINT WARNING * * *
The 11-headed hydra closely misses you.
The 11-headed hydra bites you but does no damage. x2
Aiming: Polymorph
Press: ? - help, Q - select action, (/) - cycle Shift-Dir - straight line, f/p - 11-headed hydra
Aim: an 11-headed hydra (heavily wounded, will become an emperor scorpion, a great orb of eyes, or a ghost moth, chance to affect: 17%)
Okay, then.
You turn into a tree.
Your +0 cloak melds into your body.
Your +0 pair of boots melds into your body.
Your +1 plate armour melds into your body.
Your roots penetrate the ground.
The 11-headed hydra bites you but does no damage.
You block the 11-headed hydra's attack. x2; The 11-headed hydra bites you.
* * * LOW HITPOINT WARNING * * *
The 11-headed hydra bites you but does no damage. x2
The 11-headed hydra completely misses you.
You block the 11-headed hydra's attack. x2
The 11-headed hydra barely misses you.
The 11-headed hydra bites you but does no damage.
You are too injured to fight recklessly!
You are too injured to fight recklessly!
You lop one of the 11-headed hydra's heads off!
The ten-headed hydra grows two more!
You slice the 12-headed hydra!!
The 12-headed hydra is severely wounded.
You block the 12-headed hydra's attack. The 12-headed hydra bites you.
* * * LOW HITPOINT WARNING * * *
The 12-headed hydra bites you but does no damage.
The 12-headed hydra bites you!
* * * LOW HITPOINT WARNING * * *
The 12-headed hydra bites you but does no damage. x2
The 12-headed hydra bites you.
* * * LOW HITPOINT WARNING * * *
The 12-headed hydra bites you!
You die...

#..# #.<# ......# ##..# .......
######...## ...... ..........#
####..... ......##..####......#
...######..........# ....# .###
##....^..D.# #...# ##
#......#♣.# #...# ##
##.........# ...# ... .###
#.........## #..# #..
...#####.........# #..# ..#
................## #..# #..#
##...............######..## ..#
##......................>.##..#
#.....................##.....#
#..####..)......[.########..)#


You could see a 12-headed hydra.

Vanquished Creatures
  5 two-headed ogres
  An unseen horror (D:10)
  A hornet (D:9)
  2 trolls (D:10)
  3 wraiths
  A shadow (D:10)
  2 vampires
  3 wyverns
  3 water moccasins (D:10)
  A sky beast (D:5)
  2 ice beasts (D:7)
  2 ogres
  7 orc warriors
  5 black bears (D:10)
  2 centaurs
  2 phantoms (D:6)
  Blork the orc (D:6)
  2 kobold brigands
  4 bullfrogs
  A gnoll sergeant (D:11)
  A necrophage (D:6)
  3 scorpions
  3 wights (D:7)
  16 killer bees
  2 howler monkeys
  7 hounds
  2 jellies
  A gnoll shaman (D:6)
  7 orc priests
  4 iguanas
  15 orc wizards
  14 gnolls
  9 adders
  2 white imps (D:6)
  An ufetubus (D:5)
  2 worms
  3 dart slugs
  61 orcs
  6 ball pythons
  4 bats
  8 endoplasms
  A giant cockroach (D:3)
  2 goblins
  7 hobgoblins
  10 jackals
  15 kobolds
  7 quokkas
  2 frilled lizards
  8 rats
273 creatures vanquished.

Vanquished Creatures (others)
  A fungus (D:10)
  8 plants (D:10)
9 creatures vanquished.

Grand Total: 282 creatures vanquished

Notes
Turn   | Place    | Note
-------+----------+-------------------------------------------
     0 | D:1      | Krypt the Formicid Fighter began the quest for the Orb.
     0 | D:1      | Reached XP level 1. HP: 18/18 MP: 1/1
   354 | D:1      | Reached XP level 2. HP: 17/24 MP: 2/2
  1077 | D:1      | Reached XP level 3. HP: 29/29 MP: 3/3
  1612 | D:2      | Found a faded altar of an unknown god.
  1612 | D:2      | Noticed an Executioner
  1669 | D:2      | Found a snail-covered altar of Cheibriados.
  1678 | D:2      | Became a worshipper of Cheibriados the Contemplative
  1846 | D:3      | Reached XP level 4. HP: 37/37 MP: 4/4
  2745 | D:3      | Reached XP level 5. HP: 40/42 MP: 5/5
  2816 | D:3      | Reached skill level 3 in Axes
  2891 | D:3      | Reached * piety under Cheibriados
  3065 | D:3      | Found Hasira Bof's Antique Weapon Shop.
  3975 | D:3      | Reached skill level 1 in Stealth
  3977 | D:3      | Reached XP level 6. HP: 46/48 MP: 6/6
  4231 | D:4      | Reached skill level 1 in Dodging
  4256 | D:4      | Found a staircase to the Ecumenical Temple.
  4314 | D:4      | Reached skill level 4 in Axes
  4331 | D:4      | Reached ** piety under Cheibriados
  4790 | D:4      | Noticed an ogre
  4793 | D:4      | Killed an ogre
  4794 | D:4      | Reached skill level 5 in Shields
  4794 | D:4      | Reached XP level 7. HP: 50/54 MP: 7/7
  4862 | D:4      | Reached skill level 5 in Axes
  4871 | D:4      | Found a blossoming altar of Fedhas.
  4902 | D:4      | Found a snail-covered altar of Cheibriados.
  5185 | D:5      | Entered Level 5 of the Dungeon
  6223 | D:5      | Reached skill level 5 in Armour
  6223 | D:5      | Reached XP level 8. HP: 61/61 MP: 8/8
  6637 | D:6      | Found a radiant altar of Vehumet.
  6661 | D:6      | Reached skill level 6 in Axes
  6773 | D:6      | Gained mutation: You are frail. (-10% HP) [potion of
                  | mutation]
  6773 | D:6      | Gained mutation: Your skin changes colour to match your
                  | surroundings (Stealth+). [potion of mutation]
  6773 | D:6      | Gained mutation: You have sharp fingernails. [potion of
                  | mutation]
  6774 | D:6      | Lost mutation: You are frail. (-10% HP) [potion of
                  | mutation]
  6774 | D:6      | Lost mutation: Your skin changes colour to match your
                  | surroundings (Stealth+). [potion of mutation]
  6774 | D:6      | Lost mutation: You have sharp fingernails. [potion of
                  | mutation]
  6774 | D:6      | Gained mutation: Your body sometimes deteriorates upon
                  | taking damage. [potion of mutation]
  6774 | D:6      | Gained mutation: Armour fits poorly on your strangely
                  | shaped body. [potion of mutation]
  6774 | D:6      | Gained mutation: You have an increased reservoir of magic.
                  | (+10% MP) [potion of mutation]
  6774 | D:6      | Gained mutation: You are partially covered in large bone
                  | plates. (SH +4) [potion of mutation]
  6775 | D:6      | Lost mutation: Armour fits poorly on your strangely shaped
                  | body. [potion of mutation]
  6775 | D:6      | Lost mutation: You have an increased reservoir of magic.
                  | (+10% MP) [potion of mutation]
  6775 | D:6      | Lost mutation: Your body sometimes deteriorates upon taking
                  | damage. [potion of mutation]
  6775 | D:6      | Gained mutation: You are partially covered in iridescent
                  | scales. (AC +2) [potion of mutation]
  6775 | D:6      | Gained mutation: You have very sharp teeth. [potion of
                  | mutation]
  6808 | D:6      | Noticed Blork the orc
  6818 | D:6      | Killed Blork the orc
  6906 | D:6      | Reached skill level 7 in Axes
  6908 | D:6      | Reached *** piety under Cheibriados
  6930 | D:6      | Identified the +2 buckler of Hoex {Str-5 Slay+5}
  7166 | D:6      | Reached XP level 9. HP: 67/67 MP: 9/9
  7174 | D:6      | Reached skill level 5 in Fighting
  7736 | D:7      | Reached skill level 8 in Axes
  8143 | D:7      | Reached **** piety under Cheibriados
  8285 | D:7      | Found the +9 heavy crossbow "Sniper" {vorpal, Acc+∞ SInv}
  8571 | D:8      | Found a broken altar of Ashenzari.
  8616 | D:8      | Noticed a two-headed ogre
  8624 | D:8      | HP: 1/68 [two-headed ogre/+0 giant club (10)]
  8627 | D:8      | Killed a two-headed ogre
  8628 | D:8      | Reached skill level 9 in Axes
  8628 | D:8      | Reached XP level 10. HP: 51/76 MP: 10/10
  9223 | D:8      | Noticed a two-headed ogre
  9229 | D:8      | Reached skill level 10 in Axes
  9233 | D:8      | Killed a two-headed ogre
  9403 | D:8      | Noticed a two-headed ogre
  9410 | D:8      | Killed a two-headed ogre
  9950 | D:8      | Noticed an obsidian statue
 10043 | D:8      | Noticed an orange crystal statue
 10132 | D:8      | Reached ***** piety under Cheibriados
 10426 | D:9      | Found Vurhe's General Store.
 10437 | D:9      | Found Veoradof's Armour Emporium.
 10444 | D:9      | Bought a +2 kite shield of protection for 301 gold pieces
 10502 | D:9      | Reached skill level 11 in Axes
 10521 | D:9      | Found Pekutysm's Book Shop.
 10574 | D:9      | Found Eqylosat's Weapon Shop.
 10578 | D:9      | Bought a +1 vorpal war axe for 195 gold pieces
 10593 | D:9      | Noticed a two-headed ogre
 10602 | D:9      | Killed a two-headed ogre
 10603 | D:9      | Reached XP level 11. HP: 65/83 MP: 11/11
 10842 | D:9      | Identified the +1 dagger of Wisdom {flame, rPois rCorr
                  | Str+4 SInv}
 10854 | D:9      | Found a shadowy altar of Dithmenos.
 11092 | D:9      | Found Piotrick's Antique Weapon Emporium.
 11255 | D:9      | Found a white marble altar of Elyvilon.
 11461 | D:10     | Entered Level 10 of the Dungeon
 11630 | D:10     | Found a staircase to the Lair.
 11648 | D:10     | Reached skill level 12 in Axes
 11912 | D:10     | Found a glowing silver altar of Zin.
 11926 | D:10     | Reached skill level 10 in Shields
 11969 | D:10     | Found a burning altar of Makhleb.
 12139 | D:11     | Reached ****** piety under Cheibriados
 12563 | D:11     | Noticed a two-headed ogre
 12569 | D:11     | Killed a two-headed ogre
 12626 | D:11     | Noticed an eight-headed hydra
 12642 | D:11     | HP: 6/126 [12-headed hydra (11)]
 12642 | D:11     | Slain by a 12-headed hydra

Illustrated notes

Levels and vault maps discovered:
D:1:      giann_wishing_wells, layout_rooms
D:2:      layout_basic, basic_altar, dreamdust_ecumenical_altar_sealed_demon,
          corexii_shack
D:3:      minmay_razor_zed, layout_basic, serial_shops,
          nicolae_shop_window_shopping
D:4:      layout_rooms, mainiacjoe_overflow_brackets,
          mainiacjoe_overflow_catwalk, minmay_temple_entry_poolview,
          minmay_between
D:5:      minmay_thick_lines, layout_loops_ring
D:6:      layout_loops_ring, mainiacjoe_overflow_alcove_2, uniq_blork_the_orc
D:7:      layout_gridville
D:8:      minmay_separated_statues, layout_basic, cheibrodos_ashenzari_chains,
          kennysheep_crisscross
D:9:      layout_irregular_city, elyvilon_altar_1,
          mainiacjoe_overflow_six_doors_small, serial_shops,
          kennysheep_little_box, kennysheep_mini_moat, shop, shop,
          nicolae_shop_statue_plus, nicolae_underground_beach
D:10:     layout_rooms, old_standard_altar, lightli_temple_of_fire,
          minmay_lair_entry_grove, minmay_misc_feat_doors
D:11:     layout_layer_cave, hiddenorc1_lemuel, glass_columns_a

Skill      XL: |  1  2  3  4  5  6  7  8  9 10 11 |
---------------+----------------------------------+-----
Shields        | 4 5 7 8 10 | 10.8
Armour         | 4 5 6 7 8 |  8.9
Axes           | 3 4 5 7 9 11 12 | 12.3
Stealth        | 1 |  1.9
Dodging        | 1 |  1.6
Fighting       | 4 5 6 7 |  7.5
Throwing       | |  0.7
Invocations    | |  0.6

Action                   |  1- 3 |  4- 6 |  7- 9 | 10-12 || total
-------------------------+-------+-------+-------+-------++-------
Melee: War axe           |    87 |   161 |   230 |   237 ||   715
       Bite              |       |       |    13 |    30 ||    43
 Fire: Heavy crossbow    |       |       |       |     3 ||     3
Throw: Boomerang         |       |     3 |       |     2 ||     5
Invok: Bend Time         |       |     1 |     1 |       ||     2
       Slouch            |       |       |       |     1 ||     1
 Abil: Dig               |     4 |       |       |       ||     4
Evoke: Wand              |       |     1 |       |     2 ||     3
  Use: Scroll            |     4 |     3 |     6 |     7 ||    20
       Potion            |       |     1 |     7 |     3 ||    11
Armor: Scale mail        |    30 |       |       |       ||    30
       Chain mail        |    25 |    78 |     4 |       ||   107
       Plate armour      |       |       |   108 |   110 ||   218
       Skin              |       |       |       |     7 ||     7
Dodge: Dodged            |    55 |   114 |   138 |   143 ||   450
Block: Buckler           |    19 |    40 |   112 |   243 ||   414

Table legend: (Time is in decaauts)
 A = Elapsed time spent in this place.
 B = Non-inter-level travel time spent in this place.
 C = Inter-level travel time spent in this place.
 D = Time resting spent in this place.
 E = Time spent auto-exploring this place.
 F = Levels seen in this place.
 G = Mean time per level.
                   A        B        C        D        E       F      G
               +--------+--------+--------+--------+--------+-----+--------+
         Total |  16532 |  16029 |    503 |   4094 |   9406 |  11 | 1502.9 |
       Dungeon |  16532 |  16029 |    503 |   4094 |   9406 |  11 | 1502.9 |
               +--------+--------+--------+--------+--------+-----+--------+

Top non-repeatable levels by time:
     D:3: 2813 daAuts
     D:8: 2432 daAuts
     D:5: 1878 daAuts
     D:9: 1576 daAuts
     D:7: 1454 daAuts
     D:1: 1391 daAuts
     D:6: 1322 daAuts
     D:4: 1204 daAuts
    D:10: 987 daAuts
    D:11: 987 daAuts
     D:2: 484 daAuts
